 Dungeon Crawl Stone Soup version 0.30-a0-123-g91d0c66ccf (webtiles) character file.

Game seed: 590799427911493522

11505 KittyKat the Unseen (level 11, -25/54 HPs)
             Began as a Vampire Enchanter on Sept 17, 2022.
             Was an Elder of Dithmenos.
             Annihilated by a large slime creature (34 damage)
             ... in an ice cave on Sept 18, 2022.
             The game lasted 00:43:29 (14429 turns).

KittyKat the Unseen (Vampire Enchanter)            Turns: 14429, Time: 00:43:29

Health: -25/54     AC:  7    Str:  7    XL:     11   Next: 50%
Magic:  4/14       EV: 12    Int: 18    God:    Dithmenos [****..]
Gold:   581        SH:  0    Dex: 19    Spells: 6/14 levels left

rFire   . . .      SeeInvis +    M - +4 dagger
rCold   + + .      Faith    .    (no shield)
rNeg    + + +      Spirit   .    b - +0 robe
rPois   ∞          Reflect  .    D - +2 hat
rElec   .          Harm     .    G - +0 cloak
rCorr   .          Rampage  .    j - +0 pair of gloves
Will    +....                    x - +0 pair of boots Stlth *****+++++
                                 (no amulet)
HPRegen 0.00/turn                r - ring of wizardry
MPRegen 0.14/turn                (no ring)

@: bloodless, inhibited regen, wreathed by umbra
A: bloodless, fangs 3, see invisible, vampiric 2
a: Bat Form, Revivify, Renounce Religion, Shadow Step


You were in an ice cave.
You worshipped Dithmenos.
Dithmenos was greatly pleased with you.
You visited 2 branches of the dungeon, and saw 12 of its levels.
You also visited: Ice Cave.

You collected 625 gold pieces.
You spent 44 gold pieces at shops.

Inventory:

Hand Weapons
 y - a +1 dagger of venom
 M - a +4 dagger (weapon)
Armour
 b - a +0 robe (worn)
 j - a +0 pair of gloves (worn)
 x - a +0 pair of boots (worn)
 D - a +2 hat (worn)
 G - a +0 cloak (worn)
Jewellery
 r - a ring of wizardry (left hand)
 v - a ring of flight
Wands
 a - a wand of iceblast (11)
 F - a wand of flame (17)
 J - a wand of polymorph (10)
 K - a wand of light (11)
 L - a wand of digging (4)
 O - a wand of paralysis (12)
Scrolls
 e - a scroll of torment {unknown}
 k - 4 scrolls of vulnerability
 l - 4 scrolls of amnesia
 m - 3 scrolls of blinking
 n - 4 scrolls of immolation
 p - 6 scrolls of noise
 q - 4 scrolls of acquirement
 t - 3 scrolls of enchant weapon {unknown}
 H - a scroll of summoning {unknown}
 I - 3 scrolls of teleportation {unknown}
 N - a scroll of enchant armour {unknown}
 P - 2 scrolls of poison {unknown}
 S - 2 scrolls of fear {unknown}
 T - 3 scrolls of fog {unknown}
Potions
 c - 3 potions of invisibility
 d - 3 potions of brilliance
 f - 3 potions of degeneration
 h - a potion of resistance
 i - a potion of attraction
 o - 2 potions of ambrosia
 u - 2 potions of berserk rage
 w - a potion of haste {unknown}
 z - 4 potions of curing
 A - 6 potions of lignification
 B - 2 potions of magic
 C - a potion of might {unknown}
 E - 2 potions of flight
 Q - a potion of cancellation {unknown}
Miscellaneous
 g - a box of beasts
 R - a phantom mirror


   Skills:
 + Level 10.2 Short Blades
 - Level 2.1 Dodging
 * Level 20.1 Stealth
 - Level 2.0 Spellcasting
 + Level 13.1 Hexes


You had 6 spell levels left.
You knew the following spells:

 Your Spells              Type           Power      Damage    Failure   Level
a - Ensorcelled Hibernat  Hex/Ice        50%        N/A       1%          2
b - Confusing Touch       Hex            49%        N/A       1%          3
c - Dazzling Flash        Conj/Hex       50%        N/A       1%          3

Your spell library contained the following spells:

 Spells                   Type           Power      Damage    Failure   Level
 Inner Flame              Hex/Fire       25%        N/A       1%          3
 Tukima's Dance           Hex            49%        N/A       1%          3
 Cause Fear               Hex            24%        N/A       1%          4
 Ignite Poison            Fire/Tmut/Pois 1%         N/A       21%         3
 Mephitic Cloud           Conj/Pois/Air  1%         N/A       21%         3
 Animate Dead             Necr           1%         N/A       54%         4
 Borgnjor's Vile Clutch   Necr/Erth      0%         N/A       86%         5
 Freezing Cloud           Conj/Ice/Air   0%         6-21      86%         5
 Death Channel            Necr           0%         N/A       100%        6
 Discord                  Hex            24%        N/A       89%         8


Dungeon Overview and Level Annotations

Branches:
Dungeon (11/15)            Temple (1/1) D:4            Lair (0/5) D:10
  IceCv (1/1)
    Orc: D:9-12

Altars:
Ashenzari
Cheibriados
Dithmenos
Fedhas
Hepliaklqana
Kikubaaqudgha
Makhleb
Nemelex Xobeh
Okawaru
Qazlal
Ru
Sif Muna
Trog
Uskayaw
Vehumet
Wu Jian
Xom
Yredelemnul

Shops:
D:2 *   D:5 (

Annotations:
D:8 3 runed translucent doors, MisterAzrael's ghost, novice DECj
D:10 Lodul
D:11 1 runed translucent door, Asceticacid's ghost, journeyman MeHu IceCv exclusion: ice statue


Innate Abilities, Weirdness & Mutations

You do not regenerate when monsters are visible.
You are frail without blood (-20% HP).
You can heal yourself when you bite living creatures.
You are immune to poison.
You have razor-sharp teeth.
You have supernaturally acute eyesight. (SInv)
You are afflicted with vampirism and can become a bat while bloodless.


Message History

Press: ? - help, Shift-Dir - straight line, f/p - large slime creature
Aim: a large slime creature (umbra, chance to affect: 38%)
The large slime creature looks drowsy...
A large slime creature splits.
Two slime creatures merge to form a large slime creature.
The helpless slime creature fails to defend itself.
You skewer the slime creature like a kebab!!!!!
You kill the slime creature!
Dithmenos accepts your kill.
Casting: Ensorcelled Hibernation (safe; 1% risk of failure)
Confirm with . or Enter, or press ? or * to list all spells.
Aiming: Ensorcelled Hibernation (safe; 1% risk of failure)
Press: ? - help, Shift-Dir - straight line, f - you, p - large slime creature That would be overly suicidal.
Okay, then.
Casting: Ensorcelled Hibernation (safe; 1% risk of failure)
Confirm with . or Enter, or press ? or * to list all spells.
Aiming: Ensorcelled Hibernation (safe; 1% risk of failure)
Press: ? - help, Shift-Dir - straight line, f - large slime creature
Aim: a large slime creature (umbra, not susceptible)
The large slime creature is unaffected.
Casting: Ensorcelled Hibernation (safe; 1% risk of failure)
Confirm with . or Enter, or press ? or * to list all spells.
Your hands begin to glow red.
The large slime creature barely misses you.
You hit the large slime creature but do no damage.
The large slime creature appears confused.
You hit the large slime creature.
The large slime creature is lightly wounded.
You hit the large slime creature.
The large slime creature is lightly wounded.
The large slime creature hits you!!
* * * LOW HITPOINT WARNING * * *
You puncture the large slime creature!
The large slime creature is lightly wounded.
You hit the large slime creature. You bite the large slime creature.
The large slime creature is lightly wounded.
The ice beast closely misses you. The large slime creature hits you!!
Ouch! That really hurt!
You die...

##### ##.∩.## #..∩..#
##J@.## ##Y## ##.##
####...####
####.........####
###..J..#####.....###
###....Y### ####....#
####....#### ###...#
##.....### #....Z#


You could see a large slime creature (confused) and an ice beast (summoned).

Vanquished Creatures
  Erica (D:8)
  Maurice (D:8)
  Maggie (D:8)
  An unseen horror (D:10)
  2 rime drakes (D:11)
  A troll (D:10)
  A slime creature (IceCv)
  Sigmund (D:5)
  A wraith (D:10)
  15 yaks
  Eustachio (D:5)
  Grum (D:9)
  2 steam dragons
  2 acid dragons (D:10)
  2 water moccasins
  An orc warrior (D:9)
  2 ice beasts (D:7)
  5 black bears
  A great orb of eyes simulacrum (IceCv)
  5 centaurs
  2 ogres
  A slime creature simulacrum (IceCv)
  4 kobold brigands
  7 bullfrogs
  4 necrophages
  5 gnoll sergeants (D:9)
  A scorpion (D:7)
  8 wights
  17 killer bees
  An electric eel (D:8)
  5 howler monkeys
  8 orc priests
  Crazy Yiuf (D:5)
  14 hounds
  3 jellies
  A gnoll bouda (D:9)
  An iguana (D:4)
  Natasha (thrice) (D:4)
  6 orc wizards
  Robin (D:4)
  20 gnolls
  12 adders
  A shadow imp (D:7)
  2 white imps
  2 ufetubi
  3 worms
  3 dart slugs
  29 orcs
  5 bats
  5 endoplasms
  2 giant cockroaches
  18 goblins
  9 hobgoblins
  9 jackals
  3 quokkas
  5 ball pythons
  5 frilled lizards
  28 kobolds
  7 rats
308 creatures vanquished.

Vanquished Creatures (others)
  2 fungi
  4 plants (D:4)
6 creatures vanquished.

Grand Total: 314 creatures vanquished

Notes
Turn   | Place    | Note
-------+----------+-------------------------------------------
     0 | D:1      | KittyKat the Vampire Enchanter began the quest for the Orb.
     0 | D:1      | Reached XP level 1. HP: 13/13 MP: 3/3
   307 | D:1      | Reached skill level 5 in Stealth
   311 | D:1      | Reached XP level 2. HP: 15/15 MP: 5/5
  1145 | D:1      | Gained mutation: You are afflicted with vampirism and can
                  | become a bat while bloodless. [Vampire growth]
  1145 | D:1      | Reached XP level 3. HP: 19/19 MP: 6/6
  1378 | D:2      | Learned a level 2 spell: Ensorcelled Hibernation
  1394 | D:2      | Reached skill level 6 in Stealth
  1764 | D:2      | Reached XP level 4. HP: 24/24 MP: 7/7
  1981 | D:2      | Reached skill level 7 in Stealth
  2029 | D:2      | Learned a level 3 spell: Confusing Touch
  2091 | D:2      | Found Uzxeqan's General Store.
  2148 | D:2      | Bought a scroll of identify for 22 gold pieces
  2148 | D:2      | Bought a scroll of identify for 22 gold pieces
  2709 | D:3      | Noticed an ogre
  2714 | D:3      | Killed an ogre
  2715 | D:3      | Reached skill level 8 in Stealth
  2715 | D:3      | Reached XP level 5. HP: 28/28 MP: 8/8
  3183 | D:4      | Noticed Robin
  3622 | D:4      | Noticed Natasha
  3629 | D:4      | Killed Natasha
  3670 | D:4      | Found a staircase to the Ecumenical Temple.
  3681 | Temple   | Entered the Ecumenical Temple
  3720 | Temple   | Became a worshipper of Dithmenos the Shadowed
  4099 | D:4      | Reached skill level 9 in Stealth
  4099 | D:4      | Reached XP level 6. HP: 12/32 MP: 4/9
  4396 | D:4      | Reached skill level 5 in Hexes
  4532 | D:4      | Learned a level 3 spell: Dazzling Flash
  4906 | D:4      | Killed Robin
  5421 | D:4      | Noticed Natasha
  5463 | D:4      | Killed Natasha
  5492 | D:4      | Noticed Natasha
  5497 | D:4      | Killed Natasha
  5766 | D:4      | Reached skill level 10 in Stealth
  5800 | D:4      | Reached XP level 7. HP: 32/32 MP: 5/10
  6019 | D:5      | Entered Level 5 of the Dungeon
  6423 | D:5      | Found a bloodstained altar of Trog.
  6581 | D:5      | Reached skill level 11 in Stealth
  6688 | D:5      | Reached skill level 5 in Short Blades
  6763 | D:5      | Found a runed translucent door.
  6764 | D:5      | Noticed Crazy Yiuf
  6771 | D:5      | Killed Crazy Yiuf
  6949 | D:5      | Reached * piety under Dithmenos
  7276 | D:5      | Reached XP level 8. HP: 19/41 MP: 8/11
  7479 | D:5      | Reached skill level 12 in Stealth
  7703 | D:5      | Found Jomoivergh's Antique Weapon Shoppe.
  7770 | D:5      | Noticed Eustachio
  7774 | D:5      | Killed Eustachio
  7835 | D:5      | Noticed Sigmund
  7842 | D:5      | Killed Sigmund
  7843 | D:5      | Reached skill level 13 in Stealth
  8249 | D:6      | Reached skill level 14 in Stealth
  8249 | D:6      | Reached XP level 9. HP: 37/45 MP: 9/12
  8585 | D:6      | Reached ** piety under Dithmenos
  8897 | D:7      | Found a broken altar of Ashenzari.
  8911 | D:7      | Reached skill level 15 in Stealth
  9370 | D:7      | Identified the +9 quarterstaff of the Endless Expanse
                  | {spect, Fly rElec Will+}
  9658 | D:8      | Noticed Maurice
  9663 | D:8      | Killed Maurice
  9664 | D:8      | Reached skill level 16 in Stealth
  9664 | D:8      | Reached skill level 10 in Hexes
 10019 | D:8      | Reached XP level 10. HP: 50/50 MP: 13/13
 10190 | D:8      | Noticed Maggie
 10360 | D:8      | Noticed MisterAzrael's ghost (novice DECj)
 10366 | D:8      | Found a runed translucent gate.
 10366 | D:8      | Found a runed translucent gate.
 10371 | D:8      | Noticed a gargoyle
 10382 | D:8      | Found a runed translucent gate.
 10413 | D:8      | Noticed Erica
 10419 | D:8      | Killed Erica
 10420 | D:8      | Reached skill level 17 in Stealth
 10511 | D:8      | Killed Maggie
 10511 | D:8      | Reached *** piety under Dithmenos
 10527 | D:8      | Found a basalt altar of Yredelemnul.
 11182 | D:9      | Reached skill level 18 in Stealth
 11331 | D:10     | Entered Level 10 of the Dungeon
 12065 | D:9      | Reached **** piety under Dithmenos
 12542 | D:9      | Found a hazy altar of Hepliaklqana.
 12750 | D:9      | Noticed Grum
 12754 | D:9      | Killed Grum
 13088 | D:10     | Found a staircase to the Lair.
 13117 | D:10     | Reached XP level 11. HP: 54/54 MP: 9/14
 13162 | D:10     | Reached skill level 19 in Stealth
 13426 | D:10     | Found a hide-covered altar of Uskayaw.
 13837 | D:10     | Noticed Lodul
 13957 | D:11     | Found a runed translucent door.
 13957 | D:11     | Noticed Asceticacid's ghost (journeyman MeHu)
 14040 | D:11     | Reached skill level 10 in Short Blades
 14318 | D:11     | Identified 4 scrolls of acquirement
 14356 | D:11     | Found a frozen archway.
 14366 | D:11     | Reached skill level 20 in Stealth
 14369 | IceCv    | Entered an ice cave
 14410 | IceCv    | HP: 1/54 [slime creature (15)]
 14429 | IceCv    | Annihilated by a large slime creature

Illustrated notes

Levels and vault maps discovered:
D:1:      nagdon_arrival_double_spiral, layout_loops_ring, minmay_tetromino_s4
D:2:      layout_rooms, serial_shops, nicolae_shop_trees
D:3:      layout_loops_corners
D:4:      layout_cave_pods, minmay_temple_entry_stoned_glass, serial_forest,
          infiniplex_forest_straight_1, infiniplex_forest_join,
          infiniplex_forest_lined_room_, infiniplex_forest_clump_tiny,
          infiniplex_forest_lined_3, uniq_natasha, uniq_robin
D:5:      layout_loops_ring, trog_ov_bears_minmay, serial_shops,
          nicolae_shop_trees, uniq_sigmund, uniq_eustachio,
          uniq_crazy_yiuf_cottage
D:6:      nicolae_cairo_tiling, layout_rooms, elyvilon_altar_1
D:7:      layout_loops_ring, nicolae_ashenzari_panopticon
D:8:      layout_loops_ring, nicolae_overflow_squiral, gammafunk_ghost_split,
          uniq_maggie, uniq_maurice, uniq_erica
D:9:      layout_cave_pools, mainiacjoe_overflow_alcove_2, serial_gnoll_camp,
          grums_kennel, gnoll_camp_mini_doghouse, gnoll_camp_huts_basic,
          gnoll_camp_mini_house, gnoll_camp_mini_basic, gnoll_camp_mini_basic
D:10:     layout_loops_corners, general_overflow_altar, lair_entry_dummy,
          erik_orc_1, minmay_increasing_density, uniq_lodul
D:11:     layout_small_grid, hellmonk_ghost_happy_afterlife,
          portal_ice_cave_rime
Temple:   bh_familiar_temple
IceCv:    ice_cave_hellmonk_azure_passage

Skill      XL: |  1  2  3  4  5  6  7  8  9 10 11 |
---------------+----------------------------------+-----
Stealth        | 5 6 8 9 10 11 14 16 18 20 | 20.1
Short Blades   | 2 3 4 5 6 8 9 10 | 10.2
Hexes          | 5 6 8 10 12 13 | 13.1
Dodging        | |  2.1
Spellcasting   | |  2.0

Action                   |  1- 3 |  4- 6 |  7- 9 | 10-12 || total
-------------------------+-------+-------+-------+-------++-------
Melee: Dagger            |   103 |   187 |   222 |   320 ||   832
       Bite              |     7 |    17 |    20 |    44 ||    88
       Punch             |     2 |     1 |     3 |     5 ||    11
 Cast: Ensorcelled Hiber |     6 |    45 |    32 |    99 ||   182
       Confusing Touch   |       |     5 |     2 |     3 ||    10
       Dazzling Flash    |       |     2 |     5 |     9 ||    16
 Abil: Exsanguinate      |     1 |     1 |       |       ||     2
       Bat Form          |       |     2 |     1 |       ||     3
       End Transformatio |       |     1 |     1 |       ||     2
       Revivify          |       |     1 |       |       ||     1
  Use: Scroll            |       |     6 |       |    12 ||    18
       Potion            |       |       |       |     2 ||     2
 Stab: Sleeping          |    17 |    28 |    61 |    78 ||   184
       Confused          |       |     4 |     1 |     2 ||     7
       Distracted        |       |     1 |     1 |       ||     2
       Invisible         |       |     2 |     1 |     7 ||    10
Armor: Robe              |    18 |    47 |    55 |    66 ||   186
Dodge: Dodged            |    43 |   118 |   128 |   212 ||   501

Table legend: (Time is in decaauts)
 A = Elapsed time spent in this place.
 B = Non-inter-level travel time spent in this place.
 C = Inter-level travel time spent in this place.
 D = Time resting spent in this place.
 E = Time spent auto-exploring this place.
 F = Levels seen in this place.
 G = Mean time per level.
                   A        B        C        D        E       F      G
               +--------+--------+--------+--------+--------+-----+--------+
         Total |  14142 |  14121 |     21 |   5199 |   4563 |  13 | 1087.8 |
       Dungeon |  13794 |  13775 |     19 |   5099 |   4417 |  11 | 1254.0 |
        Temple |    292 |    290 |      2 |    100 |    146 |   1 |  292.0 |
      Ice Cave |     55 |     55 |      0 |      0 |      0 |   1 |   55.0 |
               +--------+--------+--------+--------+--------+-----+--------+

Top non-repeatable levels by time:
     D:4: 2590 daAuts
     D:9: 1851 daAuts
     D:5: 1697 daAuts
     D:1: 1312 daAuts
    D:10: 1262 daAuts
     D:3: 1238 daAuts
     D:8: 1054 daAuts
     D:2: 918 daAuts
     D:7: 756 daAuts
     D:6: 710 daAuts
    D:11: 402 daAuts
  Temple: 292 daAuts
   IceCv: 55 daAuts
